[Event "December 19 Early 2023"]
[Site "https://www.chess.com"]
[Date "2023.12.19"]
[Round "8"]
[White "Waldhausen Gordon, Frederick"]
[Black "Rozhkov, Viacheslav"]
[Result "1/2-1/2"]
[Board "106"]
[TimeControl "180+1"]
[WhiteFideId "2409143"]
[BlackFideId "4181484"]
[WhiteElo "2286"]
[BlackElo "2237"]
[WhiteTeam "SCO"]
[BlackTeam "RUS"]
[WhiteClock "0:01:03"]
[BlackClock "0:00:18"]

1. d4 d5 2. c4 dxc4 3. e3 e5 4. Bxc4 Nc6 5. Nf3 e4 6. Nfd2 Qg5 7. g3 Nf6 8. Nc3 Qg6 9. a3 Bd6 10. b4 O-O 11. Qc2 Re8 12. Bb2 Nxd4 13. exd4 e3 14. Qxg6 exd2+ 15. Kxd2 hxg6 16. Rae1 Bg4 17. Rxe8+ Rxe8 18. Re1 Rxe1 19. Kxe1 c6 20. d5 cxd5 21. Nxd5 Nxd5 22. Bxd5 b6 23. Kd2 Kf8 24. Ke3 f6 25. h4 Ke7 26. Bd4 Bd7 27. Be4 Kf7 28. f4 g5 29. hxg5 fxg5 30. fxg5 Bxg3 31. g6+ Kf8 32. Kd3 Bb5+ 33. Kc3 Bh4 34. Bc2 Bf6 35. a4 Ba6 36. a5 Ke7 37. axb6 axb6 38. Be4 Bxd4+ 39. Kxd4 Kd6 40. Bf5 Be2 41. Bc2 Bf1 42. Bb3 Be2 43. Bc4 Bxc4 44. Kxc4 Kc6 45. Kd4 Kd6 46. Kc4 Kc6 47. Kd4 Kd6 48. Kc4 1/2-1/2

[Event "December 19 Early 2023"]
[Site "https://www.chess.com"]
[Date "2023.12.19"]
[Round "8"]
[White "Khodabandeh, Milad"]
[Black "Boor, Carl"]
[Result "0-1"]
[Board "107"]
[TimeControl "180+1"]
[WhiteFideId "12538620"]
[BlackFideId "2017008"]
[WhiteElo "1846"]
[BlackElo "2330"]
[WhiteTeam "IRI"]
[BlackTeam "USA"]
[WhiteClock "0:00:57"]
[BlackClock "0:02:23"]

1. e4 e5 2. Nf3 Nf6 3. Nxe5 Nxe4 4. Qe2 Qe7 5. Qxe4 d6 6. d4 dxe5 7. dxe5 Nc6 8. Bb5 Bd7 9. O-O O-O-O 10. Nc3 a6 11. Ba4 Qb4 12. Bxc6 Bxc6 13. Qf5+ Kb8 14. Qxf7 Bc5 15. a3 Qg4 16. g3 Qh3 0-1

[Event "December 19 Early 2023"]
[Site "https://www.chess.com"]
[Date "2023.12.19"]
[Round "8"]
[White "Baches Garcia, Guillermo"]
[Black "Santos, Rafael Ventura Dos"]
[Result "0-1"]
[Board "108"]
[TimeControl "180+1"]
[WhiteFideId "2209764"]
[BlackFideId "2122227"]
[WhiteElo "2509"]
[BlackElo "2138"]
[WhiteTeam "ESP"]
[BlackTeam "BRA"]
[WhiteClock "0:00:00"]
[BlackClock "0:00:32"]

1. d4 Nf6 2. Nf3 g6 3. Bg5 Bg7 4. Nbd2 d5 5. e3 h6 6. Bh4 O-O 7. Be2 Nbd7 8. O-O c6 9. h3 g5 10. Bg3 Nh5 11. Bh2 Nhf6 12. c4 e6 13. b4 Re8 14. a4 a5 15. b5 Bf8 16. Qb3 Bb4 17. Rfd1 cxb5 18. cxb5 Nb6 19. Rac1 Bd6 20. Ne5 Qe7 21. Bd3 Nfd7 22. Bb1 f5 23. Ndf3 Qg7 24. Qd3 Nxe5 25. Nxe5 Nd7 26. Qc3 Nxe5 27. Bxe5 Bxe5 28. dxe5 Re7 29. f4 b6 30. Qc6 Bb7 31. Qxb6 gxf4 32. exf4 Qg3 33. Qf2 Qa3 34. Kh2 Rg7 35. Rc5 d4 36. Rg1 Qxc5 0-1

[Event "December 19 Early 2023"]
[Site "https://www.chess.com"]
[Date "2023.12.19"]
[Round "8"]
[White "Joel Paul Ganta"]
[Black "Czerw, Dawid"]
[Result "1-0"]
[Board "109"]
[TimeControl "180+1"]
[WhiteFideId "35066145"]
[BlackFideId "1145746"]
[WhiteElo "1891"]
[BlackElo "2144"]
[WhiteTeam "IND"]
[BlackTeam "POL"]
[WhiteClock "0:00:12"]
[BlackClock "0:00:28"]

1. d4 Nf6 2. c4 e6 3. f3 c5 4. d5 b5 5. e4 d6 6. Nc3 exd5 7. cxd5 b4 8. Nb1 g6 9. Bc4 Bg7 10. Ne2 O-O 11. O-O Nbd7 12. Bg5 h6 13. Bh4 g5 14. Bf2 Nh5 15. Qc1 Ne5 16. Nd2 Nxc4 17. Nxc4 Ba6 18. Rb1 f5 19. exf5 Rxf5 20. Ng3 Nf4 21. Qc2 Rxd5 22. Rfd1 Rxd1+ 23. Rxd1 d5 24. Ne3 c4 25. Nef5 Qf6 26. Bd4 Qe6 27. Nxg7 Qf7 28. N7f5 Qe6 29. Ng7 Qf7 30. N7f5 Qe6 31. Qd2 h5 32. Re1 Qd7 33. Re7 Qc6 34. Rg7+ Kf8 35. Rxg5 Ne6 36. Rg6 Re8 37. Rf6+ Kg8 38. Qh6 Nxd4 39. Qg7# 1-0

[Event "December 19 Early 2023"]
[Site "https://www.chess.com"]
[Date "2023.12.19"]
[Round "8"]
[White "Martin, Lewis"]
[Black "Mazurkiewicz, Michal"]
[Result "0-1"]
[Board "110"]
[TimeControl "180+1"]
[WhiteFideId "410551"]
[BlackFideId "1124943"]
[WhiteElo "2145"]
[BlackElo "2103"]
[WhiteTeam "ENG"]
[BlackTeam "POL"]
[WhiteClock "0:00:00"]
[BlackClock "0:00:04"]

1. c4 Nf6 2. g3 g6 3. Bg2 Bg7 4. Nf3 O-O 5. O-O d6 6. Nc3 c5 7. e4 Nc6 8. a3 Rb8 9. Rb1 b6 10. b4 e6 11. d3 Bb7 12. Be3 Ng4 13. Bd2 Nd4 14. Nxd4 cxd4 15. Nb5 Ne5 16. Bf4 g5 17. Bxe5 Bxe5 18. Nxa7 f5 19. exf5 Bxg2 20. Kxg2 Qd7 21. Nb5 Rxf5 22. Qg4 Qg7 23. Rbe1 Rbf8 24. Re4 Qf7 25. Qe2 Qg7 26. Qg4 Qf7 27. Qe2 Qg7 28. h3 d5 29. Rg4 h5 30. Rxd4 Bxd4 31. Qxe6+ Kh8 0-1

[Event "December 19 Early 2023"]
[Site "https://www.chess.com"]
[Date "2023.12.19"]
[Round "8"]
[White "Balla, Tamas-Kristof"]
[Black "Weetik, Vjacheslav"]
[Result "0-1"]
[Board "111"]
[TimeControl "180+1"]
[WhiteFideId "1208497"]
[BlackFideId "4153472"]
[WhiteElo "2306"]
[BlackElo "2469"]
[WhiteTeam "ROU"]
[BlackTeam "RUS"]
[WhiteClock "0:00:01"]
[BlackClock "0:00:06"]

1. e4 c6 2. d4 d5 3. e5 Bf5 4. h4 Qb6 5. Bd3 Qxd4 6. Nf3 Qg4 7. Bxf5 Qxf5 8. Be3 e6 9. Nc3 Qg4 10. a3 Nh6 11. Qe2 Nf5 12. O-O-O h5 13. Bg5 Nd7 14. Qd3 b5 15. Nd2 Nxe5 16. Qf1 Nd4 17. Nde4 dxe4 18. Rxd4 Bc5 19. Rxe4 Qf5 20. Qe2 Nc4 21. f3 Qg6 22. g4 O-O 23. gxh5 Qxh5 24. Rg4 Kh8 25. Ne4 Bb6 26. Nf6 Qg6 27. Ne4 f5 28. h5 Qh7 29. h6 g6 30. Bf6+ Kg8 31. Rg5 fxe4 32. Bc3 Be3+ 33. Kb1 Bxg5 34. Qxe4 Rae8 35. Qd4 Bf6 36. Qd3 e5 37. Bb4 Rf7 38. Rg1 g5 39. Qf5 Qxf5 0-1

[Event "December 19 Early 2023"]
[Site "https://www.chess.com"]
[Date "2023.12.19"]
[Round "8"]
[White "Masague Artero, Guerau"]
[Black "Cansun, Can Alp"]
[Result "1-0"]
[Board "112"]
[TimeControl "180+1"]
[WhiteFideId "32098952"]
[BlackFideId "6390188"]
[WhiteElo "2253"]
[BlackElo "2031"]
[WhiteTeam "ESP"]
[BlackTeam "TUR"]
[WhiteClock "0:00:02"]
[BlackClock "0:00:02"]

1. Nf3 c5 2. e3 Nc6 3. d4 cxd4 4. exd4 d5 5. Bb5 Nf6 6. Ne5 Qa5+ 7. Nc3 Bd7 8. Nxd7 Nxd7 9. O-O e6 10. Re1 Be7 11. Qg4 O-O 12. Bh6 Bf6 13. Bxc6 bxc6 14. Re3 Kh8 15. Bg5 Qb4 16. Rd1 c5 17. Rg3 Rg8 18. Nxd5 Qxb2 19. Rh3 Qxc2 20. Ne3 Qg6 21. Bxf6 Nxf6 22. Qxg6 fxg6 23. dxc5 Rac8 24. Rc1 Rc6 25. Rh4 Rgc8 26. Rhc4 Nd7 27. Rd1 Nxc5 28. Rdc1 R6c7 29. Ng4 Na6 30. Rxc7 Rxc7 31. Rd1 Nc5 32. Rd8# 1-0

[Event "December 19 Early 2023"]
[Site "https://www.chess.com"]
[Date "2023.12.19"]
[Round "8"]
[White "Antunez Soler, Luis"]
[Black "Burmakin, Evgeniy"]
[Result "0-1"]
[Board "113"]
[TimeControl "180+1"]
[WhiteFideId "3513335"]
[BlackFideId "4163729"]
[WhiteElo "2154"]
[BlackElo "2106"]
[WhiteTeam "CUB"]
[BlackTeam "RUS"]
[WhiteClock "0:02:01"]
[BlackClock "0:00:46"]

1. e4 c5 2. Nf3 d6 3. Bb5+ Nd7 4. d4 cxd4 5. Qxd4 a6 6. Bxd7+ Bxd7 7. Bg5 h6 8. Bh4 Qc7 9. Nc3 e6 10. O-O-O Rc8 11. Bg3 e5 12. Nxe5 dxe5 13. Bxe5 Qc6 14. Bxg7 Bxg7 15. Qxg7 Qf6 16. Qxf6 Nxf6 17. e5 Ng4 18. Ne4 Ke7 19. Rhe1 Bf5 20. f4 Bxe4 21. Rxe4 Nf2 0-1

[Event "December 19 Early 2023"]
[Site "https://www.chess.com"]
[Date "2023.12.19"]
[Round "8"]
[White "Spichkin, Alexander"]
[Black "Weishaeutel, Moritz"]
[Result "1-0"]
[Board "114"]
[TimeControl "180+1"]
[WhiteFideId "4144074"]
[BlackFideId "12967300"]
[WhiteElo "1955"]
[BlackElo "2321"]
[WhiteTeam "RUS"]
[BlackTeam "GER"]
[WhiteClock "0:00:09"]
[BlackClock "0:00:07"]

1. f4 e5 2. d3 exf4 3. Bxf4 d5 4. Nf3 Nf6 5. Nc3 Bb4 6. a3 Ba5 7. b4 Bb6 8. Na4 O-O 9. Nxb6 axb6 10. Qd2 d4 11. g3 Nc6 12. Bg2 Nd5 13. O-O Bg4 14. Ng5 h6 15. Bxd5 Qxd5 16. Ne4 Ne5 17. Bxh6 f5 18. Qg5 Qf7 19. Nf2 Kh7 20. Qf4 Ng6 21. Qxd4 Rad8 22. Qc3 Bxe2 23. Rfe1 Bf3 24. Bg5 f4 25. Bxd8 fxg3 26. hxg3 Bc6 27. Qd2 Rxd8 28. Qg5 Rd5 29. Qe3 Rh5 30. Ne4 Ne5 31. Rf1 Qg6 32. Rf4 Qh6 33. Raf1 Rh1+ 34. Kf2 Rh2+ 35. Ke1 Rxc2 36. Kd1 Ra2 37. Rh4 Ba4+ 38. Kc1 Qxh4 39. gxh4 Ra1+ 40. Kb2 Rxf1 41. Ng5+ Kg6 42. Qxe5 Rf2+ 43. Kc3 Rc2+ 44. Kd4 c5+ 45. Ke3 Rc1 46. Qe4+ Kh5 47. Qf3+ Kxh4 48. Ne6 Re1+ 49. Kf2 Rxe6 50. Qf4+ Kh5 51. Qf5+ Kh4 52. Qxe6 c4 53. Qg6 Bc6 54. Ke3 cxd3 55. Kf4 Kh3 56. Qg3# 1-0

[Event "December 19 Early 2023"]
[Site "https://www.chess.com"]
[Date "2023.12.19"]
[Round "8"]
[White "Kuhn, Clement"]
[Black "Mizzi, Jack"]
[Result "0-1"]
[Board "115"]
[TimeControl "180+1"]
[WhiteFideId "36099775"]
[BlackFideId "5602521"]
[WhiteElo "2251"]
[BlackElo "2127"]
[WhiteTeam "FRA"]
[BlackTeam "MLT"]
[WhiteClock "0:00:14"]
[BlackClock "0:00:41"]

1. d4 Nf6 2. Nf3 e6 3. Bf4 d5 4. h3 c5 5. e3 Nc6 6. Nbd2 Be7 7. c3 O-O 8. Bd3 cxd4 9. exd4 h6 10. O-O Bd6 11. Ne5 Bxe5 12. dxe5 Nd7 13. Nf3 f6 14. exf6 Qxf6 15. Bg3 e5 16. Bb5 Qe6 17. Qe2 e4 18. Rac1 Nc5 19. Nd4 Qg6 20. Rfd1 h5 21. b4 h4 22. Bxh4 Bxh3 23. Qf1 e3 24. bxc5 exf2+ 25. Bxf2 Ne5 26. Bd3 Qg5 27. Kh2 Ng4+ 28. Kxh3 Nxf2+ 29. Kh2 Qh4+ 30. Kg1 Qh1# 0-1

[Event "December 19 Early 2023"]
[Site "https://www.chess.com"]
[Date "2023.12.19"]
[Round "8"]
[White "Fishchuk, Vladyslav"]
[Black "Kahlert, Thomas"]
[Result "1/2-1/2"]
[Board "116"]
[TimeControl "180+1"]
[WhiteFideId "34122117"]
[BlackFideId "4625242"]
[WhiteElo "2055"]
[BlackElo "2221"]
[WhiteTeam "UKR"]
[BlackTeam "GER"]
[WhiteClock "0:00:10"]
[BlackClock "0:00:31"]

1. Nc3 Nf6 2. e4 e5 3. Nf3 Nc6 4. Bb5 Bb4 5. O-O O-O 6. Bxc6 dxc6 7. d3 Bd6 8. Ne2 Bg4 9. Ng3 Qd7 10. h3 Be6 11. Nh4 g6 12. f4 exf4 13. Bxf4 Bxf4 14. Rxf4 Ne8 15. Rf2 Qe7 16. Nf3 Ng7 17. Qd2 f5 18. Qh6 f4 19. Ng5 Ne8 20. Ne2 Qg7 21. Qxg7+ Nxg7 22. Nxf4 Bd7 23. Ne2 Rxf2 24. Kxf2 Rf8+ 25. Ke3 h6 26. Nf3 Ne6 27. Ned4 Nf4 28. Rg1 c5 29. Ne2 Ne6 30. Ng3 Kg7 31. Ne5 Bc8 32. Rf1 Rxf1 33. Nxf1 h5 34. Nf3 Kf6 35. c3 b6 36. e5+ Kf7 37. Ng3 Bb7 38. Ne4 Ke7 39. d4 cxd4+ 40. Nxd4 Bd5 41. a3 a5 42. h4 Ng7 43. g3 Ne6 44. Nxe6 Kxe6 45. Kf4 Bc6 46. Ng5+ Kd5 47. e6 Kd6 48. Nf7+ Ke7 49. Kg5 Be4 50. Ne5 Kxe6 51. Nxg6 Kd5 52. Nf4+ Kc4 53. Nxh5 Kb3 54. Nf6 Bc2 55. h5 Kxb2 56. h6 Kxa3 57. Kh5 b5 58. g4 b4 59. cxb4 axb4 60. g5 b3 61. g6 Bxg6+ 62. Kxg6 b2 63. h7 b1=Q+ 64. Kg7 Qxh7+ 65. Nxh7 c5 66. Nf6 c4 67. Ne4 Kb3 68. Kf6 c3 69. Nxc3 1/2-1/2

[Event "December 19 Early 2023"]
[Site "https://www.chess.com"]
[Date "2023.12.19"]
[Round "8"]
[White "Figorito, Nick"]
[Black "Stankovic, Boris"]
[Result "1-0"]
[Board "117"]
[TimeControl "180+1"]
[WhiteFideId "30923689"]
[BlackFideId "985317"]
[WhiteElo "2411"]
[BlackElo "2265"]
[WhiteTeam "USA"]
[BlackTeam "SRB"]
[WhiteClock "0:00:19"]
[BlackClock "0:00:00"]

1. Nf3 Nf6 2. g3 g6 3. Bg2 Bg7 4. O-O O-O 5. c4 c6 6. Nc3 d5 7. cxd5 cxd5 8. d4 Nc6 9. Ne5 Bf5 10. Nxc6 bxc6 11. Bf4 Ne4 12. Nxe4 Bxe4 13. b3 Bxg2 14. Kxg2 c5 15. dxc5 e5 16. Bd2 d4 17. Rc1 Rc8 18. Kg1 f5 19. b4 f4 20. b5 Qd7 21. c6 Qh3 22. Qb3+ Kh8 23. gxf4 Qh5 24. Qf3 Qf5 25. fxe5 Qxe5 26. Qg4 Qxb5 27. c7 Qb6 28. Bf4 Qb7 29. Bg3 Rf5 30. Rfd1 Be5 31. Bxe5+ Rxe5 32. Qxd4 Qb5 33. f4 1-0

[Event "December 19 Early 2023"]
[Site "https://www.chess.com"]
[Date "2023.12.19"]
[Round "8"]
[White "Delorme, Axel"]
[Black "Shuvalov, Evgenij"]
[Result "0-1"]
[Board "118"]
[TimeControl "180+1"]
[WhiteFideId "632023"]
[BlackFideId "4187237"]
[WhiteElo "2478"]
[BlackElo "2084"]
[WhiteTeam "FRA"]
[BlackTeam "FID"]
[WhiteClock "0:00:00"]
[BlackClock "0:01:14"]

1. e4 e6 2. d4 d5 3. Nc3 Bb4 4. e5 c5 5. a3 Bxc3+ 6. bxc3 Ne7 7. Qg4 Qc7 8. Qxg7 Rg8 9. Qxh7 cxd4 10. Ne2 Nbc6 11. f4 Bd7 12. h4 dxc3 13. h5 O-O-O 14. Qd3 d4 15. h6 Kb8 16. h7 Rh8 17. Rb1 Bc8 18. a4 Nd5 19. Ba3 Nxf4 20. Nxf4 Nxe5 21. Qg3 f5 22. Ng6 Nxg6 23. Qxg6 Qe5+ 24. Be2 d3 25. cxd3 c2 26. Rc1 Qc3+ 27. Kf2 Qxa3 28. Rxc2 Qxa4 29. Rc4 Qd7 30. g4 fxg4 31. Bxg4 Rdf8+ 32. Ke2 Qd5 33. Rxc8+ Rxc8 34. Qe4 Qg5 0-1

[Event "December 19 Early 2023"]
[Site "https://www.chess.com"]
[Date "2023.12.19"]
[Round "8"]
[White "Rangel, Daniel"]
[Black "Matveeva, Olga"]
[Result "1-0"]
[Board "119"]
[TimeControl "180+1"]
[WhiteFideId "2124475"]
[BlackFideId "24107018"]
[WhiteElo "2267"]
[BlackElo "1883"]
[WhiteTeam "BRA"]
[BlackTeam "RUS"]
[WhiteClock "0:01:46"]
[BlackClock "0:00:10"]

1. d4 d5 2. Nf3 Nf6 3. e3 c5 4. b3 cxd4 5. exd4 Bg4 6. Bd3 Nc6 7. Bb2 e6 8. Nbd2 Bd6 9. a3 O-O 10. O-O Rc8 11. Qe1 Bxf3 12. Nxf3 Nd7 13. Qe3 Re8 14. Rae1 h6 15. c4 dxc4 16. bxc4 Nf6 17. Bb1 Qc7 18. Qd3 Na5 19. c5 Be7 20. d5 exd5 21. Bxf6 Bxf6 22. Qh7+ 1-0

[Event "December 19 Early 2023"]
[Site "https://www.chess.com"]
[Date "2023.12.19"]
[Round "8"]
[White "Herman, Matthew"]
[Black "Topalov, Aleksandar"]
[Result "1-0"]
[Board "120"]
[TimeControl "180+1"]
[WhiteFideId "2028964"]
[BlackFideId "925659"]
[WhiteElo "2368"]
[BlackElo "2151"]
[WhiteTeam "USA"]
[BlackTeam "SRB"]
[WhiteClock "0:00:03"]
[BlackClock "0:01:46"]

1. e4 e6 2. d4 d5 3. Nd2 Nf6 4. e5 Ng8 5. f4 Ne7 6. Ndf3 h5 7. Bd3 Qd7 8. b3 b6 9. c4 dxc4 10. bxc4 Bb7 11. Be3 Nbc6 12. Rb1 g6 13. Nh3 Nf5 14. Bxf5 gxf5 15. Nhg5 O-O-O 16. O-O Bh6 17. d5 Bxg5 18. Nxg5 Na5 19. Qc2 Rhg8 20. Bd2 exd5 21. Bxa5 bxa5 22. c5 d4 23. Rf2 Qc6 24. Qxf5+ Kb8 25. Rfb2 d3 26. Rxb7+ Qxb7 27. Rxb7+ Kxb7 28. Qe4+ c6 29. Qe1 d2 30. Qd1 Rd3 31. Nxf7 Rg4 32. Qb1+ Ka6 33. Qxd3+ 1-0

[Event "December 19 Early 2023"]
[Site "https://www.chess.com"]
[Date "2023.12.19"]
[Round "8"]
[White "Wael Sabry, Mina"]
[Black "Avila Rodriguez, Joshua Ad"]
[Result "0-1"]
[Board "121"]
[TimeControl "180+1"]
[WhiteFideId "10670173"]
[BlackFideId "5126444"]
[WhiteElo "1861"]
[BlackElo "2097"]
[WhiteTeam "EGY"]
[BlackTeam "MEX"]
[WhiteClock "0:00:01"]
[BlackClock "0:00:05"]

1. c4 Nf6 2. g3 e6 3. Bg2 d5 4. Nf3 dxc4 5. O-O Nbd7 6. Qa4 a6 7. Qxc4 b5 8. Qc2 Bb7 9. d3 c5 10. Bf4 Be7 11. Nbd2 O-O 12. Rac1 Rc8 13. Rfd1 Qb6 14. a3 Rfd8 15. h3 h6 16. Be3 Nd5 17. Qb1 Nxe3 18. fxe3 Nf6 19. Kh2 Nd5 20. e4 Ne3 21. Re1 Nxg2 22. Kxg2 Bf6 23. b4 c4 24. dxc4 bxc4 25. Nxc4 Qb5 26. Ncd2 Rxc1 27. Qxc1 a5 28. bxa5 Qxa5 29. Nc4 Qa8 30. e5 Bg5 31. Qc2 Rc8 32. Qd3 Ba6 33. Nb6 Bxd3 34. Nxa8 Rxa8 35. exd3 Rxa3 36. Nxg5 hxg5 37. Rd1 Kh7 38. Kf3 Kg6 39. Kg4 Ra4+ 40. Kf3 Kf5 41. Re1 g4+ 42. hxg4+ Rxg4 43. Rg1 Rd4 44. Ke3 Kxe5 45. g4 Ra4 46. Rf1 f6 47. Rg1 g5 48. Kf3 Kd4 49. Re1 Kd5 50. Rb1 Rd4 51. Rb5+ Kc6 52. Rb3 Rd5 53. Ra3 Kd6 54. Ke3 Ke5 55. Ra6 f5 56. gxf5 exf5 57. Ra8 f4+ 58. Ke2 Kf5 59. Ra4 g4 60. d4 Rd8 61. Kd3 Re8 62. Ra5+ Kf6 63. Ra6+ Re6 64. Ra8 f3 65. Rg8 Kf5 66. Rf8+ Kg5 67. d5 Re1 68. Kd2 Re5 69. d6 Rd5+ 70. Ke3 Rxd6 71. Rg8+ Kh4 72. Kf4 Rf6+ 73. Ke3 f2 74. Rh8+ Kg3 0-1

[Event "December 19 Early 2023"]
[Site "https://www.chess.com"]
[Date "2023.12.19"]
[Round "8"]
[White "Tabuenca Mendataurigoitia, Daniel"]
[Black "Bach Ngoc Thuy Duong"]
[Result "1-0"]
[Board "122"]
[TimeControl "180+1"]
[WhiteFideId "24563617"]
[BlackFideId "12408956"]
[WhiteElo "2130"]
[BlackElo "1970"]
[WhiteTeam "ESP"]
[BlackTeam "VIE"]
[WhiteClock "0:00:05"]
[BlackClock "0:00:00"]

1. Nf3 d5 2. g3 Nf6 3. Bg2 c6 4. O-O Bf5 5. d3 Nbd7 6. c4 e6 7. Nc3 Be7 8. Be3 O-O 9. Qb3 dxc4 10. dxc4 Qc8 11. Rad1 h6 12. Rd2 Bc5 13. Bxc5 Nxc5 14. Qa3 Nce4 15. Nxe4 Nxe4 16. Rdd1 Rd8 17. Ne5 Qc7 18. Bxe4 Bxe4 19. f4 f6 20. Nf3 Qb6+ 21. c5 Qb5 22. Kf2 b6 23. cxb6 Qxb6+ 24. Qe3 Bd5 25. b3 c5 26. Rc1 Rdc8 27. Rc2 c4 28. Rfc1 Qa6 29. bxc4 Rxc4 30. Rxc4 Bxc4 31. a3 Rb8 32. Nd4 Bd5 33. Qd3 Qxd3 34. exd3 Rb2+ 35. Rc2 Rb1 36. a4 Ra1 37. f5 exf5 38. Nxf5 Be6 39. Nd4 Bf7 40. Rc8+ Kh7 41. Rc7 Bd5 42. Rxa7 Ra2+ 43. Ke3 Kg6 44. g4 Rxh2 45. Nf5 Rh3+ 46. Kd4 Bf7 47. a5 Rh2 48. a6 Ra2 49. Nh4+ Kg5 50. Rxf7 Kxh4 51. a7 Kxg4 52. Rxg7+ Kf5 53. Kd5 h5 54. d4 h4 55. Kc6 h3 56. Kb7 h2 57. Rh7 Kg4 58. Rxh2 Rxh2 59. a8=Q Rb2+ 60. Kc6 f5 61. d5 f4 62. Qg8+ Kf3 63. d6 Kf2 64. d7 1-0

[Event "December 19 Early 2023"]
[Site "https://www.chess.com"]
[Date "2023.12.19"]
[Round "8"]
[White "Tikhonov, Viacheslav"]
[Black "Szyszylo, Rafal"]
[Result "1-0"]
[Board "123"]
[TimeControl "180+1"]
[WhiteFideId "44196407"]
[BlackFideId "1109626"]
[WhiteElo "2209"]
[BlackElo "1951"]
[WhiteTeam "RUS"]
[BlackTeam "POL"]
[WhiteClock "0:00:03"]
[BlackClock "0:00:00"]

1. e4 d6 2. d4 Nf6 3. Nc3 g6 4. h3 Bg7 5. Be3 c6 6. a4 O-O 7. g4 e5 8. Nge2 Re8 9. Bg2 a5 10. O-O exd4 11. Bxd4 Nbd7 12. Qd2 Qc7 13. Rad1 Ne5 14. b3 h5 15. g5 Nh7 16. f4 Nd7 17. Bxg7 Kxg7 18. Qd4+ Kg8 19. Qxd6 Qb6+ 20. Kh2 Nc5 21. Nd5 Qa7 22. Ne7+ Kg7 23. Qd4+ f6 24. e5 fxg5 25. e6+ Kh6 26. fxg5+ Nxg5 27. Nf5+ gxf5 28. Qf6+ Kh7 29. Qxf5+ Kh8 30. Qf6+ Kh7 31. Qxg5 Qb8+ 32. Kh1 Bxe6 33. Qxh5+ Kg7 34. Qg5+ Kh7 35. Qh4+ Kg7 36. Nf4 Qe5 37. Nh5+ Kg6 38. Nf4+ Kg7 39. Rde1 1-0

[Event "December 19 Early 2023"]
[Site "https://www.chess.com"]
[Date "2023.12.19"]
[Round "8"]
[White "Kanyamarala, Tarun"]
[Black "Kolmagorov, Alexey"]
[Result "1-0"]
[Board "124"]
[TimeControl "180+1"]
[WhiteFideId "45004714"]
[BlackFideId "34129402"]
[WhiteElo "2318"]
[BlackElo "1989"]
[WhiteTeam "IRL"]
[BlackTeam "RUS"]
[WhiteClock "0:00:04"]
[BlackClock "0:00:09"]

1. e4 c5 2. Nf3 Nc6 3. c3 Nf6 4. e5 Nd5 5. Bc4 Nb6 6. Bb3 c4 7. Bc2 d6 8. exd6 Qxd6 9. O-O Bg4 10. Re1 e6 11. Na3 a6 12. b3 cxb3 13. axb3 Be7 14. d4 O-O 15. h3 Bh5 16. Nb1 Bg6 17. Ba3 Qc7 18. Bxe7 Nxe7 19. Bxg6 hxg6 20. c4 Rfd8 21. Nc3 Nf5 22. Re2 Rd7 23. Rd2 Rad8 24. Ne2 Nc8 25. Rc1 Qa5 26. Ra1 Qc7 27. Qc2 Nce7 28. Rad1 Nc6 29. Qb2 Nb4 30. g4 Ne7 31. Ne5 Rd6 32. Ng3 Nbc6 33. Nf3 R6d7 34. Ne2 Nb4 35. Kg2 Nec6 36. Qc3 a5 37. Qe3 Ne7 38. Qg5 Nec6 39. Qh4 Qd6 40. Ng5 f6 41. Qh7+ Kf8 42. Qh8+ Ke7 43. Qxg7+ Ke8 44. Qxg6+ Kf8 45. Nh7+ Ke7 46. Qxf6+ Ke8 47. Qh8+ Kf7 48. Ng5+ Kg6 49. Qh5+ Kg7 50. Qh7+ Kf6 51. Qh6+ Ke7 52. Ng3 Rg8 53. N5e4 Kd8 54. Nxd6 Rxd6 55. Qh4+ Kc7 56. Nh5 Kb6 57. Qg3 Rd7 58. c5+ Ka7 59. Nf6 Rf7 60. Nxg8 Nd5 61. g5 Nf4+ 62. Qxf4 Rxf4 63. Nf6 Rh4 64. Kg3 Rh8 65. h4 Ne7 66. h5 Nf5+ 67. Kg4 Ng7 68. h6 Nf5 69. h7 Rf8 70. g6 Ng7 71. Kg5 Kb8 72. f4 Kc7 73. d5 exd5 74. Rxd5 Ne6+ 75. Kf5 Ng7+ 76. Kg4 Rxf6 77. h8=Q Rxg6+ 78. Kf3 Nf5 79. Qd8+ Kc6 80. Rd6+ Kb5 81. Qb6# 1-0

[Event "December 19 Early 2023"]
[Site "https://www.chess.com"]
[Date "2023.12.19"]
[Round "8"]
[White "Fonseca Manrique, Enrique"]
[Black "noblerone"]
[Result "1-0"]
[Board "125"]
[TimeControl "180+1"]
[WhiteFideId "5114330"]
[WhiteElo "2133"]
[BlackElo "2498"]
[WhiteTeam "MEX"]
[WhiteClock "0:00:16"]
[BlackClock "0:00:00"]

1. e4 d5 2. exd5 Qxd5 3. Nc3 Qd8 4. d4 Nf6 5. Nf3 Bg4 6. h3 Bxf3 7. Qxf3 c6 8. Be3 e6 9. O-O-O Bb4 10. Bg5 Bxc3 11. Qxc3 Ne4 12. Bxd8 Nxc3 13. bxc3 Kxd8 14. Kd2 Nd7 15. Rb1 b5 16. a4 a6 17. Bd3 Nb6 18. a5 Nd5 19. c4 Nf6 20. Rhe1 Kc7 21. Kc3 Rab8 22. g3 Rhd8 23. Bf1 b4+ 24. Rxb4 Rxb4 25. Kxb4 Rxd4 26. Kc3 c5 27. Rb1 Nd7 28. Bg2 Ne5 29. Rb7+ Kc8 30. Ra7 Rxc4+ 31. Kb3 Rb4+ 32. Kc3 Rc4+ 33. Kd2 Rd4+ 34. Ke2 Nc4 35. Rxa6 Rd2+ 36. Ke1 Rxc2 37. Rc6+ Kd7 38. Rxc5 Na3 39. Rxc2 Nxc2+ 40. Kd2 1-0

[Event "December 19 Early 2023"]
[Site "https://www.chess.com"]
[Date "2023.12.19"]
[Round "8"]
[White "Nery Junior, Jose Antonio"]
[Black "Sadovsky, Artem"]
[Result "0-1"]
[Board "126"]
[TimeControl "180+1"]
[WhiteFideId "2104822"]
[BlackFideId "4155840"]
[WhiteElo "2197"]
[BlackElo "2314"]
[WhiteTeam "BRA"]
[BlackTeam "FID"]
[WhiteClock "0:00:00"]
[BlackClock "0:03:05"]

1. e4 g6 2. d4 Bg7 3. Nc3 c6 4. g3 d5 5. Bg2 dxe4 6. Nge2 f5 7. O-O Nf6 8. Bf4 O-O 9. Qd2 Be6 10. Bh6 Nbd7 11. Bxg7 Kxg7 12. Nf4 Bf7 13. d5 Nb6 14. Rad1 cxd5 15. Nb5 e5 16. Ne2 a6 17. Nbc3 Nc4 18. Qc1 d4 19. b3 Nd6 20. Na4 b5 21. Nb2 Rc8 22. a4 Qb6 23. axb5 axb5 24. h3 Bxb3 25. Rd2 d3 26. Nxd3 exd3 27. Rxd3 Bxc2 28. Rc3 Be4 29. Rd1 Rxc3 30. Nxc3 Rc8 31. Qd2 Bxg2 32. Kxg2 Qc6+ 33. Kh2 Nfe4 34. Nxe4 Nxe4 35. Qe3 b4 36. Rd3 Qc5 37. Rd7+ Kf6 38. Qxc5 Rxc5 39. Rxh7 b3 40. Rb7 Rc3 41. Kg2 Nc5 42. Rb6+ Ke7 43. f3 Kd7 44. g4 Kc7 45. Rb5 fxg4 46. fxg4 Kc6 47. Rb8 Kd5 48. h4 Kc4 49. h5 gxh5 50. gxh5 Rc2+ 51. Kf3 b2 52. h6 Nb3 53. Rc8+ Kd3 54. Rxc2 Kxc2 55. h7 b1=Q 56. h8=Q Qf1+ 57. Ke4 Qe2+ 58. Kd5 e4 59. Qc8+ Kd1 60. Qe8 Nd2 61. Qa4+ Ke1 62. Qa1+ Kf2 63. Qd4+ Qe3 64. Qf6+ Nf3 65. Qf5 Qd4+ 66. Ke6 e3 67. Qc2+ e2 68. Kf7 Qe5 69. Kg8 Qe3 70. Kh7 Qd2 71. Qc5+ Qd4 72. Qc2 Kf1 73. Qf5 Qe3 74. Qh3+ Kf2 75. Qh1 e1=Q 0-1

[Event "December 19 Early 2023"]
[Site "https://www.chess.com"]
[Date "2023.12.19"]
[Round "8"]
[White "Borawski, Jakub"]
[Black "Rogov, Matfey"]
[Result "1-0"]
[Board "127"]
[TimeControl "180+1"]
[WhiteFideId "1143000"]
[BlackFideId "44191308"]
[WhiteElo "2052"]
[BlackElo "2057"]
[WhiteTeam "POL"]
[BlackTeam "RUS"]
[WhiteClock "0:00:04"]
[BlackClock "0:00:02"]

1. f4 e5 2. fxe5 d6 3. exd6 Bxd6 4. Nf3 g5 5. g3 g4 6. Nh4 Ne7 7. d4 Ng6 8. Nxg6 hxg6 9. Qd3 Bf5 10. e4 Qe7 11. Bg2 Nc6 12. c3 O-O-O 13. Be3 Be6 14. Bf2 f5 15. Nd2 f4 16. gxf4 Bxf4 17. Bg3 Ne5 18. Qe2 Bxg3+ 19. hxg3 Nf3+ 20. Nxf3 gxf3 21. Qxf3 Qg5 22. Rxh8 Rxh8 23. Qf4 Qh5 24. Bf3 Qh2 25. O-O-O Bxa2 26. Rh1 Qxh1+ 27. Bxh1 Rxh1+ 28. Kd2 Bc4 29. Qf8+ Kd7 30. Qg7+ Kd8 31. Qf6+ Kd7 32. d5 Rh2+ 33. Ke3 c5 34. Qe6+ Kc7 35. Qxg6 Rxb2 36. Kf4 a5 37. d6+ Kc6 38. Ke5 Kb6 39. d7+ Kc7 40. Qe8 Rd2 41. Qc8+ Kb6 42. d8=Q+ Rxd8 43. Qxd8+ Kb5 44. Qc7 b6 45. Qd7+ Ka6 46. Kd6 Bb3 47. Kc7 a4 48. Qc6 a3 49. Qxb6# 1-0